 Dungeon Crawl Stone Soup version 0.23.2-40-g277498a001 (webtiles) character file.

Game seed: 3510669794571727056

210 Martska the Ducker (level 5, -2/39 HPs)
             Began as a Merfolk Ice Elementalist on Oct 3, 2019.
             Killed by divine providence
             ... invoked by an orc priest
              (7 damage)
             ... on level 3 of the Dungeon.
             The game lasted 00:19:27 (3694 turns).

Martska the Ducker (Merfolk Ice Elementalist)       Turns: 3694, Time: 00:19:27

Health: -2/39      AC:  4    Str:  8    XL:     5   Next: 87%
Magic:  0/8        EV: 13    Int: 14    God:
Gold:   94         SH:  3    Dex: 16    Spells: 3/9 levels left

rFire    . . .     SeeInvis .   b - +0 spear
rCold    . . .     Gourm    .   g - +0 buckler
rNeg     . . .     Faith    .   j - +0 leather armour
rPois    .         Spirit   +   (no helmet)
rElec    .         Reflect  .   (no cloak)
rCorr    .         Harm     .   (no gloves)
MR       .....                  i - +0 pair of boots
Stlth    ++........             e - amulet of guardian spirit
HPRegen  0.13/turn              (no ring)
MPRegen  0.11/turn              (no ring)

@: no status effects
A: change form in water, swift swim, stealthy swim
a: no special abilities


You were on level 3 of the Dungeon.
You were hungry.

You visited 1 branch of the dungeon, and saw 4 of its levels.

You collected 94 gold pieces.

Inventory:

Hand Weapons
 b - a +0 spear (weapon)
Armour
 a - a +0 robe
 g - a +0 buckler (worn)
 i - a +0 pair of boots (worn)
 j - a +0 leather armour (worn)
Jewellery
 e - an amulet of guardian spirit (around neck)
Wands
 h - a wand of iceblast (8)
Scrolls
 d - 2 scrolls of remove curse
Potions
 c - a potion of curing {unknown}
 k - a potion of berserk rage {unknown}
 l - a potion of might {unknown}
 m - a potion of brilliance {unknown}
Comestibles
 f - 2 rations


   Skills:
 * Level 2.6 Fighting
 * Level 3.4 Polearms
 * Level 4.4 Dodging
 - Level 3.0 Stealth
 + Level 2.5 Spellcasting
 - Level 0.7 Conjurations
 + Level 3.8 Ice Magic


You had 3 spell levels left.
You knew the following spells:

 Your Spells              Type           Power        Failure   Level  Hunger
a - Freeze                Ice            ##..         11%         1    #......
b - Throw Frost           Conj/Ice       #.....       32%         2    ###....
c - Ozocubu's Armour      Chrm/Ice       #.......     58%         3    ###....

Your spell library contained the following spells:

 Spells                   Type           Power        Failure   Level  Hunger
 Throw Icicle             Conj/Ice       #.......     91%         4    #####..
 Summon Ice Beast         Ice/Summ       #.......     94%         4    #####..


Dungeon Overview and Level Annotations

Branches:
Dungeon (4/15)
 Temple: D:4-7

Altars:

Annotations:
D:4 Sigmund


Message History

The orc priest is severely wounded.
The hound bites you.
* * * LOW HITPOINT WARNING * * *
You hit the orc priest.
The orc priest is almost dead.
The hound bites you.
* * * LOW HITPOINT WARNING * * *
The orc priest hits you but does no damage.
The hound closely misses you.
Your shield and leather armour prevent you from hitting the orc priest.
The orc priest is almost dead.
The hound barely misses you.
The orc priest hits you with a +0 flail.
* * * LOW HITPOINT WARNING * * *
You closely miss the orc priest.
The orc priest is almost dead.
The hound bites you but does no damage.
The orc priest invokes the aid of Beogh against you.
Beogh smites you!
You die...

#########.# #.########.#
#.# #.# #...# #########†#
#.# #.### ..........# #.#
#.# ########### #.# #.#
###.#### #.#
##########......# #.#
##..........#...o###.#####
................@h.......#
###.###.##...#...##.####.#
###....................#.#
......#..#.......##.##.#.#
#####.#..#..##..#....#.#.#
......#..............#.#.#
####..#.####.......###.#.#
......#.# #............#.#
.(....#.###..#...........#


You could see a hound and an orc priest.

Vanquished Creatures
  A hound (D:4)
  An orc wizard (D:3)
  3 gnolls (D:3)
  3 adders
  4 oozes
  A dart slug (D:2)
  4 leopard geckos
  2 orcs (D:3)
  8 bats
  7 giant cockroaches
  10 goblins
  8 hobgoblins
  7 kobolds
  A quokka (D:3)
  A ball python (D:3)
  3 frilled lizards
  10 rats
74 creatures vanquished.

Notes
Turn   | Place    | Note
-------+----------+-------------------------------------------
     0 | D:1      | Martska the Merfolk Ice Elementalist began the quest for
                  | the Orb.
     0 | D:1      | Reached XP level 1. HP: 13/13 MP: 3/3
   382 | D:1      | Reached XP level 2. HP: 19/20 MP: 5/5
   430 | D:1      | Reached skill level 1 in Polearms
   430 | D:1      | Reached skill level 3 in Dodging
   730 | D:1      | Reached skill level 1 in Fighting
   964 | D:1      | Reached XP level 3. HP: 26/26 MP: 2/6
  1540 | D:2      | Reached XP level 4. HP: 32/33 MP: 7/7
  1560 | D:2      | Learned a level 2 spell: Throw Frost
  1564 | D:2      | Learned a level 3 spell: Ozocubu's Armour
  2332 | D:3      | Reached XP level 5. HP: 17/38 MP: 0/8
  2665 | D:3      | Reached skill level 4 in Dodging
  3552 | D:4      | Noticed Sigmund
  3694 | D:3      | Killed from afar by an orc priest

Skill      XL: |  1  2  3  4  5 |
---------------+----------------+-----
Polearms       | 1 2 3 |  3.4
Dodging        | 3 4 |  4.4
Fighting       | 1 2 |  2.6
Stealth        | 3 |  3.0
Spellcasting   | |  2.5
Conjurations   | |  0.7
Ice Magic      | |  3.8

Action                   |  1- 3 |  4- 6 || total
-------------------------+-------+-------++-------
Melee: Spear             |    64 |    70 ||   134
 Cast: Freeze            |    39 |    55 ||    94
       Throw Frost       |       |    14 ||    14
  Use: Scroll            |       |     3 ||     3
 Stab: Sleeping          |     3 |     2 ||     5
  Eat: Ration            |     1 |     2 ||     3
       Chunk             |     1 |       ||     1
Armor: Leather armour    |    38 |    35 ||    73
       Robe              |     3 |       ||     3
Dodge: Dodged            |    81 |    95 ||   176
Block: Buckler           |    17 |    20 ||    37
